 Dungeon Crawl Stone Soup version 0.29-a0-973-gac7da5f7f0 (webtiles) character file.

Game seed: 12255680622953264868

71 vurker the Covered (level 4, -1/29 HPs)
             Began as a Gargoyle Fighter on July 31, 2022.
             Killed by nerve-wracking pain
             ... invoked by an orc priest
              (4 damage)
             ... on level 3 of the Dungeon.
             The game lasted 00:02:29 (1490 turns).

vurker the Covered (Gargoyle Fighter)               Turns: 1490, Time: 00:02:30

Health: -1/29      AC: 14    Str: 22    XL:     4   Next: 24%
Magic:  0/4        EV:  7    Int:  8    God:
Gold:   83         SH:  4    Dex:  9    Spells: 3/3 levels left

rFire   . . .      SeeInvis .   a - +0 flail
rCold   . . .      Faith    .   c - +0 buckler
rNeg    + . .      Spirit   +   t - +0 chain mail
rPois   ∞          Reflect  .   (no helmet)
rElec   +          Harm     .   (no cloak)
rCorr   +          Rampage  .   x - +0 pair of gloves
Will    .....                   (no boots)
Stlth   ..........              e - amulet of guardian spirit
HPRegen 0.09/turn               p - ring of resist corrosion
MPRegen 0.09/turn               (no ring)

@: no status effects
A: sickness immunity, AC +3, negative energy resistance 1, electricity
resistance, torment resistance 1, petrification resistance
a: no special abilities


You were on level 3 of the Dungeon.
You visited 1 branch of the dungeon, and saw 3 of its levels.

You collected 83 gold pieces.

Inventory:

Hand Weapons
 a - a +0 flail (weapon)
Armour
 c - a +0 buckler (worn)
 t - a +0 chain mail (worn)
   (You found it on level 2 of the Dungeon)
 x - a +0 pair of gloves (worn)
   (You found it on level 3 of the Dungeon)
Jewellery
 e - an amulet of guardian spirit (around neck)
   (You found it on level 1 of the Dungeon)
 g - a ring of ice
   (You found it on level 1 of the Dungeon)
 p - a ring of resist corrosion (left hand)
   (You found it on level 2 of the Dungeon)
Wands
 b - a wand of light (10)
   (You found it on level 2 of the Dungeon)
Scrolls
 h - a scroll of poison {unknown}
 k - 3 scrolls of teleportation {unknown}
 l - 3 scrolls of silence {unknown}
 n - 3 scrolls of noise {unknown}
 o - 2 scrolls of identify {unknown}
 r - a scroll of immolation {unknown}
 s - a scroll of fog {unknown}
 u - a scroll of enchant weapon {unknown}
 v - a scroll of summoning {unknown}
 w - a scroll of amnesia {unknown}
Potions
 d - a potion of might
 f - 2 potions of attraction {unknown}
 i - a potion of haste {unknown}
 j - a potion of berserk rage {unknown}
 m - 2 potions of curing {unknown}
 q - a potion of resistance {unknown}


   Skills:
 + Level 3.8 Fighting
 + Level 2.6 Maces & Flails
 + Level 3.8 Armour
 + Level 1.0 Dodging
 + Level 3.8 Shields


You had 3 spell levels left.
You didn't know any spells.
Your spell library was empty.

Dungeon Overview and Level Annotations

Branches:
Dungeon (3/15)

Altars:

Shops:
D:1 [   D:2 *


Innate Abilities, Weirdness & Mutations

You are immune to sickness and miasma.
Your stone body is resilient. (AC +3)
You are immune to poison.
You resist negative energy. (rN+)
You are resistant to electric shocks. (rElec)
You are resistant to unholy torment.
You are immune to petrification.


Message History

You closely miss the orc.
An orc comes into view. It is wielding a +0 whip.
The orc shouts!
You hit the orc but do no damage.
You hear a shout!
The orc barely misses you.
An orc priest comes into view. It is wielding a +0 short sword.
The orc barely misses you.
You barely miss the orc. The orc hits you but does no damage. x3
You closely miss the orc. The orc hits you with a +0 club.
The orc hits you but does no damage. x2
You closely miss the orc. The orc hits you with a +0 club.
You block the orc's attack. The orc barely misses you.
The orc hits you but does no damage. The orc barely misses you.
You thump the orc!
You kill the orc!
The orc hits you but does no damage.
You hit the orc. The orc hits you but does no damage.
The orc priest casts a cantrip, but nothing happens.
The orc hits you but does no damage.
There are monsters nearby!
You sock the orc!
You kill the orc!
The orc closely misses you. The orc hits you with a +0 flail!
* * * LOW HITPOINT WARNING * * *
The orc priest looks braver for a moment.
The orc hits you with a +0 club.
* * * LOW HITPOINT WARNING * * *
You closely miss the orc priest. The orc hits you but does no damage.
The orc priest hits you but does no damage.
The orc hits you but does no damage.
You closely miss the orc priest. The orc hits you but does no damage.
The orc priest hits you but does no damage.
The orc hits you with a +0 flail.
* * * LOW HITPOINT WARNING * * *
You hit the orc priest. The orc hits you but does no damage.
The orc priest invokes the aid of Beogh against you.
Pain shoots through your body!
* * * LOW HITPOINT WARNING * * *
The orc barely misses you.
The orc priest hits you but does no damage.
The orc hits you but does no damage. x2
You barely miss the orc priest. The orc hits you with a +0 club.
* * * LOW HITPOINT WARNING * * *
The orc priest hits you but does no damage.
The orc hits you with a +0 flail.
You barely miss the orc priest. The orc barely misses you.
The orc priest mumbles some strange prayers to Beogh against you.
Pain shoots through your body!
You die...

<## ... ... ..# .#
#.###.# .# .....#
.# # .#...#####.###
#. ##.#...#.......#
#. #..#.....).....#
#..#.##..##.......#
#..#.##..##.o@o...#
#........##..o....#
####.######...$...#
#.# #.......# #.#
#.##.#.## #.# #.#
.#.# #.######. .. .
#..>...#. .. ..
#.####.#


You could see an orc priest and 2 orcs.

Vanquished Creatures
  2 adders
  A worm (D:2)
  A dart slug (D:3)
  3 orcs (D:3)
  A ball python (D:1)
  4 endoplasms
  2 giant cockroaches
  8 hobgoblins
  6 kobolds
  A quokka (D:1)
  3 bats
  2 frilled lizards (D:1)
  2 goblins (D:1)
  7 rats
43 creatures vanquished.

Notes
Turn   | Place    | Note
-------+----------+-------------------------------------------
     0 | D:1      | vurker the Gargoyle Fighter began the quest for the Orb.
     0 | D:1      | Reached XP level 1. HP: 14/14 MP: 1/1
   164 | D:1      | Reached XP level 2. HP: 14/19 MP: 2/2
   520 | D:1      | Found a faded altar of an unknown god.
   553 | D:1      | Reached XP level 3. HP: 21/23 MP: 1/3
   620 | D:1      | Found Taiwnurgh's Antique Armour Emporium.
  1012 | D:2      | Found Biet's Assorted Antiques.
  1407 | D:3      | Reached skill level 1 in Dodging
  1407 | D:3      | Reached XP level 4. HP: 27/29 MP: 4/4
  1490 | D:3      | Killed from afar by an orc priest

Illustrated notes

Levels and vault maps discovered:
D:1:      dpeg_arrival_houses_and_road, layout_basic,
          shapermc_ecumenical_altar_mp_vishouse, serial_shops,
          nicolae_shop_overgrown_old_shop
D:2:      layout_basic, serial_shops, shop_statue, reono_crystal_passage
D:3:      layout_loops_cross, mainiacjoe_overflow_alcove_4,
          kennysheep_generic_room_12, uniq_terence, uniq_robin, uniq_pargi

Skill      XL: |  1  2  3 |
---------------+----------+-----
Dodging        | 1 |  1.0
Fighting       | |  3.8
Maces & Flails | |  2.6
Armour         | |  3.8
Shields        | |  3.8

Action                   |  1- 3 |  4- 6 || total
-------------------------+-------+-------++-------
Melee: Flail             |   116 |    17 ||   133
Armor: Scale mail        |    63 |       ||    63
       Chain mail        |    12 |    22 ||    34
Dodge: Dodged            |    56 |     8 ||    64
Block: Buckler           |    20 |     3 ||    23

Table legend: (Time is in decaauts)
 A = Elapsed time spent in this place.
 B = Non-inter-level travel time spent in this place.
 C = Inter-level travel time spent in this place.
 D = Time resting spent in this place.
 E = Time spent auto-exploring this place.
 F = Levels seen in this place.
 G = Mean time per level.
                   A        B        C        D        E       F      G
               +--------+--------+--------+--------+--------+-----+--------+
         Total |   1532 |   1473 |     59 |      0 |   1088 |   3 |  510.7 |
       Dungeon |   1532 |   1473 |     59 |      0 |   1088 |   3 |  510.7 |
               +--------+--------+--------+--------+--------+-----+--------+

Top non-repeatable levels by time:
     D:1: 925 daAuts
     D:2: 501 daAuts
     D:3: 105 daAuts
